 Dungeon Crawl Stone Soup version 0.31.0-32-g396128a36d (webtiles) character file.

Game seed: 18022421089750772137

46 Peloso the Covered (level 3, -1/33 HPs)
             Began as a Minotaur Fighter on Apr 11, 2024.
             Slain by a kobold brigand
             ... wielding a +0 whip
              (4 damage)
             ... in a sewer.
             The game lasted 00:03:18 (1141 turns).

Peloso the Covered (Minotaur Fighter)               Turns: 1141, Time: 00:03:18

Health: -1/33      AC:  8    Str: 17 (20) XL:     3   Next: 44%
Magic:  2/2        EV:  9    Int:  4 (5)  God:
Gold:   39         SH:  4    Dex: 10 (11) Spells: 2/2 levels left

rFire   . . .        a - +0 long sword
rCold   . . .        d - +0 buckler
rNeg    . . .        b - +0 scale mail
rPois   .            (helmet restricted)
rElec   .            c - +0 cloak
rCorr   .            (no gloves)
SInv    .            (no boots)
Will    .....        (no amulet) Stlth
                     (no ring)
HPRegen 0.25/turn    (no ring)
MPRegen 0.08/turn

%: no passive effects
@: no status effects
A: horns 2, retaliatory headbutt
a: no special abilities


You were in a sewer.
You visited 1 branch of the dungeon, and saw 4 of its levels.
You also visited: Sewer.

You collected 39 gold pieces.

Inventory:

Hand Weapons
 a - a +0 long sword (weapon)
Armour
 b - a +0 scale mail (worn)
 c - a +0 cloak (worn)
 d - a +0 buckler (worn)
Scrolls
 k - a scroll of amnesia
Potions
 g - a potion of might


   Skills:
 + Level 4.1 Fighting
 + Level 3.4 Long Blades
 + Level 4.4 Armour
 + Level 3.7 Shields


You had 2 spell levels left.
You didn't know any spells.
Your spell library contained the following spells:

 Spells                   Type           Power      Damage    Failure   Level
 Ensorcelled Hibernation  Hex/Ice        0%         N/A       98%         2
 Passwall                 Erth           0%         N/A       100%        3
 Stone Arrow              Conj/Erth      0%         3d7       100%        3
 Swiftness                Air            0%         N/A       100%        3
 Animate Armour           Summ/Erth      0%         N/A       100%        4
 Lehudib's Crystal Spear  Conj/Erth      0%         10d2      100%        8


Dungeon Overview and Level Annotations

Branches:
Dungeon (4/15)              Sewer (1/1)
 Temple: D:4-7

Altars:

Shops:
D:2 :


Innate Abilities, Weirdness & Mutations

You have a pair of horns on your head.
You reflexively headbutt those who attack you in melee.


Message History

The kobold brigand hits you with a +0 whip!
The kobold brigand closely misses you. You furiously retaliate!
You headbutt the kobold brigand. You hit the kobold brigand.
You headbutt the kobold brigand, but do no damage.
The kobold brigand is moderately wounded.
The kobold brigand hits you with a +0 whip.
You barely miss the kobold brigand.
The kobold brigand is moderately wounded.
The kobold brigand barely misses you.
You hit the kobold brigand but do no damage.
The kobold brigand is moderately wounded.
You block the kobold brigand's attack.
You hit the kobold brigand.
The kobold brigand is moderately wounded.
You block the kobold brigand's attack.
The kobold brigand hits you but does no damage.
You hit the kobold brigand.
The kobold brigand is heavily wounded.
The kobold brigand hits you with a +0 whip.
You completely miss the kobold brigand.
The kobold brigand is heavily wounded.
The kobold brigand hits you with a +0 whip!
* * * LOW HITPOINT WARNING * * *
You hit the kobold brigand but do no damage.
You headbutt the kobold brigand.
The kobold brigand is heavily wounded.
The kobold brigand hits you with a +0 whip.
* * * LOW HITPOINT WARNING * * *
The kobold brigand hits you with a +0 whip.
* * * LOW HITPOINT WARNING * * *
Okay, then.
You hit the kobold brigand but do no damage.
The kobold brigand is heavily wounded.
The kobold brigand barely misses you.
Unknown command.
You slash the kobold brigand!
The kobold brigand is severely wounded.
The kobold brigand hits you with a +0 whip.
You die...

###
#.#
#.#
#÷#
#÷#
#.#
#.#
#@#
#K#
#K#
#.#
#.#
#)#
#.#
#.#
#~#


You could see a kobold brigand and a kobold.

Vanquished Creatures
  A dart slug (D:1)
  4 bats (D:1)
  4 endoplasms
  10 giant cockroaches
  4 goblins (D:1)
  3 hobgoblins (D:1)
  2 quokkas (D:3)
  A ball python (D:1)
  4 kobolds
  4 rats
37 creatures vanquished.

Notes
Turn   | Place    | Note
-------+----------+-------------------------------------------
     0 | D:1      | Peloso the Minotaur Fighter began the quest for the Orb.
     0 | D:1      | Reached XP level 1. HP: 19/19 MP: 0/0
   235 | D:1      | Reached XP level 2. HP: 27/27 MP: 1/1
   864 | D:2      | Found Dyeleoc's Book Shop.
   865 | D:2      | You fall into a shaft and drop 2 floors!
   891 | D:3      | Reached XP level 3. HP: 27/33 MP: 2/2
   943 | D:3      | Found a glowing drain.
   965 | Sewer    | Entered a sewer
  1031 | Sewer    | Noticed a kobold brigand
  1141 | Sewer    | Slain by a kobold brigand

Illustrated notes

Levels and vault maps discovered:
D:1:      dpeg_arrival_lava_temple_mockup, layout_basic
D:2:      layout_loops_cross, serial_shops, nicolae_shop_advertising_works
          [nicolae_subvault_shop_adworks]
D:3:      layout_loops_corners, gup_sewer_entry_pipe,
          chequers_serial_rivers_micro_b
D:4:      nicolae_BIG_FREAKIN_CUBE, layout_basic, uniq_eustachio, uniq_duvessa
Sewer:    sewer_kobolds

Skill      XL: |  1  2 |
---------------+-------+-----
Long Blades    | 3 |  3.4
Armour         | 4 |  4.4
Fighting       | 4 |  4.1
Shields        | |  3.7

Action                     || total
---------------------------++-------
  Melee: Long sword        ||   103
         Headbutt          ||    19
    Use: Potion            ||     3
         Scroll            ||     2
 Armour: Scale mail        ||    74
  Dodge: Dodged            ||    53
  Block: Buckler           ||    19
